 Dungeon Crawl Stone Soup version 0.29.1-1-gd02db6906a (webtiles) character file.

Game seed: 7787822778910638382

536 Aibolit the Grave Robber (level 7, -13/46 HPs)
             Began as a Human Necromancer on Oct 5, 2022.
             Was an Initiate of Ashenzari.
             Mangled by Menkaure (19 damage)
             ... on level 5 of the Dungeon.
             The game lasted 00:15:15 (5157 turns).

Aibolit the Grave Robber (Human Necromancer)        Turns: 5157, Time: 00:15:16

Health: -13/46     AC:  4    Str:  8    XL:     7   Next: 50%
Magic:  11/12      EV: 14    Int: 20    God:    Ashenzari [......]
Gold:   166        SH:  0    Dex: 17    Spells: 0/13 levels left

rFire   . . .      SeeInvis .   f - staff of death
rCold   . . .      Faith    +   (no shield)
rNeg    + . .      Spirit   .   t - +1 robe of the Known World {rElec Archmagi}
rPois   .          Reflect  .   (no helmet)
rElec   +          Harm     .   q - scarf {repulsion}
rCorr   .          Rampage  .   h - +0 pair of gloves {Stlth+}
Will    +....      Archmagi +   (no boots)
Stlth   ++++......              a - amulet of faith
HPRegen 0.15/turn               n - ring of wizardry
MPRegen 0.13/turn               l - ring "Vughaw" {Will+ Int+3 Dex+3}

@: repel missiles
A: no striking features
a: Renounce Religion


You were on level 5 of the Dungeon.
You worshipped Ashenzari.
Ashenzari was noncommittal.
You visited 1 branch of the dungeon, and saw 5 of its levels.

You collected 175 gold pieces.
You donated 9 gold pieces to Zin.

Inventory:

Hand Weapons
 k - a +0 dagger
Armour
 h - a +0 pair of gloves of stealth (worn)
 q - a scarf of repulsion (worn)
 t - the +1 robe of the Known World (worn) {rElec Archmagi}
   (You found it on level 4 of the Dungeon)

   rElec:     It insulates you from electricity.
   Archmagi:  It increases the power of your magical spells.
Magical Staves
 f - a staff of death (weapon)
Jewellery
 a - an amulet of faith (around neck)
 i - a ring of protection from cold
 l - the ring "Vughaw" (right hand) {Will+ Int+3 Dex+3}
   (You acquired it on level 1 of the Dungeon)

   [ring of willpower]

   Int:       It affects your intelligence (+3).
   Dex:       It affects your dexterity (+3).
   Will:      It increases your willpower.
 m - a ring of resist corrosion
 n - a ring of wizardry (left hand)
 o - a ring of willpower
 u - a ring of positive energy
Wands
 e - a wand of flame (13)
Scrolls
 c - a scroll of poison {unknown}
 g - 5 scrolls of noise
 r - 2 scrolls of identify
 s - a scroll of enchant weapon
Potions
 b - a potion of magic
 d - a potion of curing {unknown}
 j - 2 potions of heal wounds {unknown}
 p - a potion of flight {unknown}
 v - a potion of cancellation {unknown}


   Skills:
 + Level 4.1 Dodging
 + Level 4.4 Stealth
 + Level 3.9 Spellcasting
 + Level 5.5 Necromancy


You couldn't memorise any spells.
You knew the following spells:

 Your Spells              Type           Power      Damage    Failure   Level
a - Necrotise             Necr           100%       1d9       1%          1
b - Vampiric Draining     Necr           55%        2d9       1%          3
c - Animate Dead          Necr           55%        N/A       6%          4
d - Agony                 Necr           55%        N/A       16%         5

Your spell library contained the following spells:

 Spells                   Type           Power      Damage    Failure   Level
 Foxfire                  Conj/Fire      20%        2x1d5     5%          1
 Shock                    Conj/Air       20%        1d4       5%          1
 Conjure Flame            Conj/Fire      5%         6-21      16%         3
 Inner Flame              Hex/Fire       5%         N/A       16%         3
 Swiftness                Air            5%         N/A       16%         3
 Borgnjor's Vile Clutch   Necr/Erth      16%        N/A       41%         5
 Airstrike                Air            2%         2d(1-17)  45%         4
 Flame Wave               Conj/Fire      5%         2d5       45%         4
 Alistair's Intoxication  Tmut/Pois      3%         N/A       78%         5
 Eringya's Noxious Bog    Tmut/Pois      2%         N/A       100%        6


Dungeon Overview and Level Annotations

Branches:
Dungeon (5/15)
 Temple: D:4-7

Altars:
Ashenzari
Zin

Annotations:
D:3 Sigmund, Terence
D:5 Menkaure


Message History

Aim: a necrophage (moderately damaged, 68% to hit)
The puff of flame hits the necrophage.
The necrophage is heavily damaged.
The orc shouts!
Aiming: Necrotise (safe; 1% risk of failure)
Press: ? - help, Q - select action, (/) - cycle Shift-Dir - straight line, p - necrophage
Okay, then.
Aiming: Throw Flame
Press: ? - help, Q - select action, (/) - cycle Shift-Dir - straight line, f/p - necrophage
Aim: a necrophage (heavily damaged, 68% to hit)
The puff of flame hits the necrophage.
The necrophage is severely damaged.
Menkaure whispers, "Let me perform the rites..."
Menkaure mumbles some strange words.
Menkaure seems to speed up.
Aiming: Throw Flame
Press: ? - help, Q - select action, (/) - cycle Shift-Dir - straight line, f/p - necrophage
Aim: a necrophage (severely damaged, 68% to hit)
The puff of flame misses the necrophage.
Aiming: Throw Flame
Press: ? - help, Q - select action, (/) - cycle Shift-Dir - straight line, f/p - necrophage
Aim: a necrophage (severely damaged, 68% to hit)
The puff of flame hits the necrophage.
The necrophage is severely damaged.
Menkaure calls on the powers of darkness!
Your body is wracked with pain!
Aiming: Throw Flame
Press: ? - help, Q - select action, (/) - cycle Shift-Dir - straight line, f/p - necrophage
Aim: a necrophage (severely damaged, 68% to hit)
The puff of flame hits the necrophage.
The necrophage is almost destroyed.
As you read the scroll labelled ETEXZATEZI, it crumbles to dust.
It is a scroll of identify.
s - a scroll of enchant weapon The necrophage hits you but does no damage.
Menkaure hits you!!
* * * LOW HITPOINT WARNING * * *
The necrophage hits you but does no damage.
Menkaure hits you!!
You die...

#..####..#.####+###.....
###........#.#............
#............#....[.).....
#............#.....)..#+##
#.........#..#.....)..#
#.........+..#........#
#.........#..####'#####
#.........##.####.# ##+##
#........@##......# ....#
#........nMo......###.....
#.........###.............
########### #........##...
#.....[..# #...o.!...#
#........)# #..$$........
###########.#


You could see a necrophage, Menkaure (fast) and an orc.

Vanquished Creatures
  2 scorpions
  5 hounds
  2 orc wizards (D:5)
  An iguana (D:5)
  2 gnolls (D:4)
  6 adders
  An ufetubus (D:4)
  A worm (D:4)
  A dart slug (D:1)
  11 orcs
  7 ball pythons
  5 endoplasms
  6 giant cockroaches
  5 goblins
  8 hobgoblins
  2 quokkas
  A bat (D:1)
  6 kobolds
  3 rats
75 creatures vanquished.

Vanquished Creatures (collateral kills)
  An orc wizard (D:5)
  A dart slug (D:4)
  An orc (D:5)
  A goblin (D:1)
4 creatures vanquished.

Grand Total: 79 creatures vanquished

Notes
Turn   | Place    | Note
-------+----------+-------------------------------------------
     0 | D:1      | Aibolit the Human Necromancer began the quest for the Orb.
     0 | D:1      | Reached XP level 1. HP: 13/13 MP: 3/3
   336 | D:1      | Reached XP level 2. HP: 12/19 MP: 0/5
   944 | D:1      | Reached XP level 3. HP: 24/24 MP: 2/6
  1459 | D:1      | Identified 3 scrolls of acquirement
  1459 | D:1      | Acquired a staff of death
  1462 | D:1      | Acquired the ring "Vughaw" {Will+ Int+3 Dex+3}
  1464 | D:1      | Acquired a +0 pair of gloves of stealth
  1477 | D:1      | Learned a level 3 spell: Vampiric Draining
  1809 | D:2      | Found a glowing silver altar of Zin.
  1826 | D:2      | Became a worshipper of Zin the Law-Giver
  1834 | D:2      | Was placed under penance by Zin
  1926 | D:2      | Reached XP level 4. HP: 30/30 MP: 4/7
  2010 | D:2      | Fell from the grace of Zin
  2091 | D:2      | Found a faded altar of an unknown god.
  2432 | D:3      | Noticed Sigmund
  2432 | D:3      | Noticed Terence
  2432 | D:3      | You fall into a shaft and drop 2 floors!
  2432 | D:5      | Entered Level 5 of the Dungeon
  2446 | D:5      | Reached XP level 5. HP: 30/35 MP: 2/9
  2693 | D:5      | Learned a level 4 spell: Animate Dead
  2786 | D:5      | Reached XP level 6. HP: 41/41 MP: 3/10
  2828 | D:5      | Noticed Menkaure
  3092 | D:4      | Found a broken altar of Ashenzari.
  3279 | D:4      | Reached skill level 5 in Necromancy
  3852 | D:4      | Reached XP level 7. HP: 46/46 MP: 8/12
  3937 | D:4      | Identified the +1 robe of the Known World {rElec Archmagi}
  4544 | D:4      | Became a worshipper of Ashenzari the Shackled
  4743 | D:4      | Learned a level 5 spell: Agony
  5157 | D:5      | Mangled by Menkaure

Illustrated notes

Levels and vault maps discovered:
D:1:      matt_arrival_grand_opening, layout_loops_corners
D:2:      layout_basic, shapermc_ecumenical_altar_mp_urbaneastern, basic_altar,
          serial_aquarium, aquarium_bridge_straight [aquarium_subvault_bridge,
          aquarium_subvault_balcony, aquarium_subvault_bridge,
          aquarium_subvault_wall], aquarium_window_corner, aquarium_window_3,
          aquarium_view_2b
D:3:      layout_basic, nicolae_overflow_ecumenical_swirl,
          uniq_crazy_yiuf_cottage, uniq_sigmund, uniq_terence
D:4:      minmay_bubble_buster, layout_basic, cheibrodos_ashenzari_chains,
          amcnicky_mini_rare_corridor_liquid, kennysheep_generic_room_10
D:5:      layout_basic, uniq_menkaure

Skill      XL: |  1  2  3  4  5  6  7 |
---------------+----------------------+-----
Stealth        | 3 4 |  4.4
Dodging        | 3 4 |  4.1
Spellcasting   | 3 |  3.9
Necromancy     | 5 |  5.5

Action                   |  1- 3 |  4- 6 |  7- 9 || total
-------------------------+-------+-------+-------++-------
Melee: Unarmed           |     5 |       |       ||     5
       Staff             |     2 |    22 |       ||    24
 Cast: Necrotise         |    40 |    76 |    37 ||   153
       Vampiric Draining |       |     2 |       ||     2
       Animate Dead      |       |       |     3 ||     3
Evoke: Wand              |       |       |     6 ||     6
  Use: Scroll            |     6 |     4 |     1 ||    11
       Potion            |       |     1 |       ||     1
 Stab: Distracted        |       |     1 |       ||     1
Armor: Robe              |     3 |    11 |     4 ||    18
Dodge: Dodged            |     7 |    32 |     5 ||    44
